 Dungeon Crawl Stone Soup version 0.21.0-3-g78d12a8 (webtiles) character file.

4590 raph the Frost Mage (level 10, -8/56 HPs)
             Began as a Deep Elf Ice Elementalist on Jan 15, 2018.
             Was a Priest of Vehumet.
             Killed from afar by Erica (22 damage)
             ... with an orb of energy
             ... on level 1 of the Lair of Beasts.
             The game lasted 00:34:40 (12941 turns).

raph the Frost Mage (Deep Elf Ice Elementalist)    Turns: 12941, Time: 00:34:41

Health: -8/56      AC: 17    Str:  5    XL:     10   Next: 18%
Magic:  9/23       EV: 17    Int: 23    God:    Vehumet [***...]
Gold:   457        SH:  0    Dex: 16    Spells: 3/24 levels left

rFire    + . .     SeeInvis .   N - staff of fire (curse)
rCold    + . .     Gourm    .   (no shield)
rNeg     . . .     Faith    .   v - +2 robe {rF+}
rPois    .         Spirit   .   y - +1 helmet
rElec    .         Reflect  .   x - +1 cloak
rCorr    .         Harm     .   (no gloves)
MR       +....                  q - +0 pair of boots
Stlth    +++.......             (no amulet)
HPRegen  0.18/turn              s - ring of loudness (curse)
MPRegen  0.18/turn              l - ring of ice

@: icy armour, slow
A: no striking features
a: Renounce Religion


You were on level 1 of the Lair of Beasts.
You worshipped Vehumet.
Vehumet was most pleased with you.
You were not hungry.

You visited 3 branches of the dungeon, and saw 11 of its levels.

You collected 457 gold pieces.

Inventory:

Hand Weapons
 b - a +1 dagger of flaming
 m - a +1 rapier
 n - a +1 dagger of freezing
Missiles
 r - 30 tomahawks
 t - 362 stones (quivered)
Armour
 q - a +0 pair of boots (worn)
 v - a +2 robe of fire resistance (worn)
 x - a +1 cloak (worn)
 y - a +1 helmet (worn)
Magical Staves
 a - an uncursed staff of power
 N - a cursed staff of fire (weapon)
Jewellery
 i - an uncursed ring of protection from fire
 l - a ring of ice (right hand)
 s - a cursed ring of loudness (left hand)
 u - an uncursed ring of resist corrosion {unknown}
 F - a +2 ring of protection {unknown}
 J - an uncursed ring of fire {unknown}
Wands
 d - a wand of paralysis (4)
 D - a wand of random effects (41)
 G - a wand of digging (15)
 I - a wand of polymorph (11)
 M - a wand of acid (6)
Scrolls
 f - 2 scrolls of blinking
 g - 2 scrolls of amnesia
 o - 3 scrolls of teleportation
 p - a scroll of magic mapping
 H - a scroll of immolation
 K - 2 scrolls of identify
 L - a scroll of fog {unknown}
Potions
 e - a potion of resistance
 h - a potion of brilliance
 j - 3 potions of haste
 w - a potion of lignification
 z - 2 potions of berserk rage
 A - a potion of magic
 C - 2 potions of ambrosia
Books
 E - a book of Frost

   Spells                             Type                      Level
   a - Freeze                         Ice                          1
   b - Throw Frost                    Conjuration/Ice              2
   c - Ozocubu's Armour               Charms/Ice                   3
   d - Throw Icicle                   Conjuration/Ice              4
   e - Summon Ice Beast               Ice/Summoning                4
Comestibles
 c - 8 rations
 B - 3 chunks of flesh


   Skills:
 + Level 3.7 Fighting
 + Level 2.1 Staves
 + Level 6.8 Dodging
 + Level 7.3 Stealth
 + Level 7.5 Spellcasting
 + Level 7.0 Conjurations
 - Level 1.9 Charms
 + Level 4.8 Summonings
 + Level 8.0 Ice Magic


You had 3 spell levels left.
You knew the following spells:

 Your Spells              Type           Power        Failure   Level  Hunger
a - Freeze                Ice            ####         1%          1    None
b - Throw Frost           Conj/Ice       ######       1%          2    None
c - Ozocubu's Armour      Chrm/Ice       #####...     2%          3    None
d - Throw Icicle          Conj/Ice       ######..     1%          4    ###....
e - Summon Ice Beast      Ice/Summ       ######..     4%          4    ###....
f - Flame Tongue          Conj/Fire      #####        1%          1    None
g - Dazzling Spray        Conj/Hex       ###...       1%          3    None
h - Conjure Flame         Conj/Fire      #####...     1%          3    None


Dungeon Overview and Level Annotations

Branches:
Dungeon (9/15)             Temple (1/1) D:4            Lair (1/6) D:8
    Orc: D:9-12

Altars:
Ashenzari
Cheibriados
Dithmenos
Elyvilon
Fedhas
Gozag
Hepliaklqana
Kikubaaqudgha
Makhleb
Nemelex Xobeh
Okawaru
Qazlal
Ru
Sif Muna
Trog
Uskayaw
Vehumet
Wu Jian
Xom
Yredelemnul
Zin
The Shining One

Shops:
D:4 *

Annotations:
D:8 1 runed door
Lair:1 Erica


Message History

You feel sick. The spiny frog stings you!!
* * * LOW HITPOINT WARNING * * *
You are more poisoned.
The spiny frog poisons you!
Your ice beast hits the spiny frog but does no damage.
Casting: Throw Icicle
Confirm with . or Enter, or press ? or * to list all spells.
Aiming: Throw Icicle
Press: ? - help, Shift-Dir - straight line, f/p - Erica
Aim: Erica, wielding a scimitar of flaming and wearing a robe You feel a surge of power!
The shard of ice hits the spiny frog.
You kill the spiny frog!
Vehumet accepts your kill.
You feel your power returning.
* * * LOW HITPOINT WARNING * * *
You feel very sick.
You feel better. Erica casts a spell at you. The orb of energy hits you!
You die...

## ###
###.###.####
#..........# #
#.......<.#
#.#...@.....# #
?......Y@....#P##.
..................
...#..........###.
##.#.........####
...$.............
.................
........##≈#.....
.......#≈≈≈#.....


You could see Erica and a friendly ice beast.

Vanquished Creatures
  The ghost of Swippen the Poker, a novice GnWn of Okawaru (D:6)
  A spiny frog (Lair:1)
  A human (D:8)
  Grum (D:8)
  Edmund (D:4)
  2 hell hounds (D:8)
  A water moccasin (D:4)
  An orc warrior (D:7)
  Duvessa (D:4)
  A phantom (D:7)
  2 ice beasts
  2 ogres
  4 wolves (D:8)
  A crocodile (D:7)
  3 centaurs
  3 bullfrogs
  Dowan (D:4)
  4 scorpions
  5 wights (D:7)
  A howler monkey (D:4)
  A centaur zombie (D:5)
  A crimson imp (D:7)
  2 quasits
  3 hounds
  3 orc priests
  2 bullfrog skeletons
  3 iguanas
  4 worker ants
  5 orc wizards (D:6)
  Natasha (thrice) (D:3)
  A hound skeleton (D:6)
  A howler monkey zombie (D:8)
  Robin (D:3)
  A howler monkey skeleton (D:8)
  7 gnolls
  10 adders
  An ooze (D:4)
  An adder skeleton (D:6)
  3 worms
  2 dart slugs
  5 leopard geckos
  26 orcs
  3 ball pythons
  3 bats
  5 giant cockroaches
  8 hobgoblins
  3 jackals
  10 kobolds
  5 quokkas
  3 frilled lizards
  18 goblins
  A jackal zombie (D:5)
  A quokka skeleton (D:4)
  7 rats
190 creatures vanquished.

Vanquished Creatures (collateral kills)
  The ghost of ZarpasAD the Bolt Thrower, an amateur OgHu (D:3)
  An orc wizard (D:5)
  A shadow imp (D:5)
3 creatures vanquished.

Grand Total: 193 creatures vanquished

Notes
Turn   | Place    | Note
-------+----------+-------------------------------------------
     0 | D:1      | raph the Deep Elf Ice Elementalist began the quest for the Orb.
     0 | D:1      | Reached XP level 1. HP: 10/10 MP: 6/6
   415 | D:1      | Reached XP level 2. HP: 14/15 MP: 6/8
   588 | D:1      | Learned a level 2 spell: Throw Frost
  1052 | D:2      | Reached XP level 3. HP: 19/19 MP: 7/9
  1433 | D:2      | Found a snail-covered altar of Cheibriados.
  1647 | D:2      | Reached XP level 4. HP: 24/24 MP: 9/11
  1650 | D:2      | Reached skill level 4 in Ice Magic
  1674 | D:2      | Learned a level 3 spell: Ozocubu's Armour
  1679 | D:2      | Learned a level 4 spell: Throw Icicle
  2264 | D:3      | Noticed Robin
  2430 | D:3      | Noticed Natasha
  2431 | D:3      | Reached skill level 1 in Charms
  2442 | D:3      | Killed Natasha
  2611 | D:3      | Reached XP level 5. HP: 28/28 MP: 7/13
  2620 | D:3      | Noticed ZarpasAD's ghost (amateur OgHu)
  2847 | D:4      | Found a deep blue altar of Sif Muna.
  2847 | D:4      | Found a hide-covered altar of Uskayaw.
  2847 | D:4      | Found a basalt altar of Yredelemnul.
  2847 | D:4      | Found a bloodstained altar of Trog.
  2847 | D:4      | Found a shimmering altar of Xom.
  2849 | D:4      | Found a deep blue altar of Sif Muna.
  2849 | D:4      | Found a hazy altar of Hepliaklqana.
  2849 | D:4      | Found a hazy altar of Hepliaklqana.
  2849 | D:4      | Found a shimmering altar of Xom.
  2849 | D:4      | Found a shimmering altar of Xom.
  2849 | D:4      | Found a sacrificial altar of Ru.
  2849 | D:4      | Found a basalt altar of Yredelemnul.
  2931 | D:4      | Found a staircase to the Ecumenical Temple.
  2936 | Temple   | Entered the Ecumenical Temple
  3151 | Temple   | Became a worshipper of Vehumet
  3180 | D:4      | Found a white marble altar of Elyvilon.
  3180 | D:4      | Found a glowing golden altar of the Shining One.
  3180 | D:4      | Noticed Duvessa
  3180 | D:4      | Noticed Dowan
  3184 | D:4      | Found a glowing silver altar of Zin.
  3195 | D:4      | Killed Duvessa
  3195 | D:4      | Reached XP level 6. HP: 19/32 MP: 2/14
  3410 | D:4      | Reached skill level 5 in Ice Magic
  3619 | D:4      | Noticed Edmund
  3626 | D:4      | Killed Edmund
  3626 | D:4      | Reached XP level 7. HP: 31/36 MP: 0/15
  3753 | D:4      | Learned a level 4 spell: Summon Ice Beast
  3950 | D:3      | Killed Robin
  3961 | D:4      | Reached skill level 6 in Ice Magic
  4173 | D:3      | Noticed Natasha
  4178 | D:3      | Killed Natasha
  4359 | D:3      | Noticed Natasha
  4605 | D:4      | Found Zica's Serpentskin Sales.
  4819 | D:5      | Entered Level 5 of the Dungeon
  4820 | D:5      | Reached skill level 5 in Conjurations
  4829 | D:4      | Reached * piety under Vehumet
  4829 | D:4      | Offered knowledge of Flame Tongue by Vehumet.
  4866 | D:4      | Killed Dowan
  4866 | D:4      | Reached skill level 1 in Summonings
  5149 | D:5      | Learned a level 1 spell: Flame Tongue
  5191 | D:5      | Found a basalt altar of Yredelemnul.
  5199 | D:5      | Reached skill level 1 in Fighting
  5544 | D:5      | Found a hazy altar of Hepliaklqana.
  5615 | D:5      | Paralysed by an orc priest for 6 turns
  5624 | D:5      | Paralysed by an orc priest for 6 turns
  5841 | D:5      | Found an iron altar of Okawaru.
  5851 | D:5      | Reached skill level 5 in Spellcasting
  5851 | D:5      | Reached XP level 8. HP: 33/43 MP: 7/17
  6294 | D:3      | Killed Natasha
  6420 | D:3      | Killed ZarpasAD's ghost
  6533 | D:3      | Found a blossoming altar of Fedhas.
  6653 | D:3      | Found a deep blue altar of Sif Muna.
  6655 | D:3      | Found a burning altar of Makhleb.
  6655 | D:3      | Found a shimmering altar of Xom.
  6657 | D:3      | Found a hazy altar of Hepliaklqana.
  6657 | D:3      | Found a sacrificial altar of Ru.
  6657 | D:3      | Found a blossoming altar of Fedhas.
  6998 | D:3      | Found a deep blue altar of Sif Muna.
  7150 | D:6      | Noticed Swippen's ghost (novice GnWn)
  7263 | D:6      | Reached skill level 5 in Stealth
  7298 | D:6      | Offered knowledge of Throw Flame by Vehumet.
  7510 | D:6      | Reached ** piety under Vehumet
  8099 | D:5      | Reached skill level 5 in Dodging
  8380 | D:6      | Offered knowledge of Dazzling Spray by Vehumet.
  8380 | D:6      | Reached skill level 7 in Ice Magic
  8390 | D:6      | Learned a level 3 spell: Dazzling Spray
  8798 | D:6      | Killed Swippen's ghost
  8798 | D:6      | Reached XP level 9. HP: 34/49 MP: 0/20
 10084 | D:7      | Found a stormy altar of Qazlal.
 10086 | D:7      | Found a shadowy altar of Dithmenos.
 10154 | D:6      | Reached *** piety under Vehumet
 10470 | D:7      | Found a burning altar of Makhleb.
 10609 | D:7      | Found a shadowy altar of Dithmenos.
 10619 | D:7      | Reached skill level 1 in Staves
 11305 | D:8      | Found a sparkling altar of Nemelex Xobeh.
 11310 | D:8      | Found a staircase to the Lair.
 11322 | D:8      | Offered knowledge of Conjure Flame by Vehumet.
 11347 | D:8      | Learned a level 3 spell: Conjure Flame
 11610 | D:8      | Found a runed door.
 11610 | D:8      | Noticed a sixfirhy
 11786 | D:8      | Reached XP level 10. HP: 56/56 MP: 23/23
 12506 | D:9      | Noticed Grum
 12733 | D:8      | Reached skill level 8 in Ice Magic
 12735 | D:8      | Killed Grum
 12922 | Lair:1   | Entered Level 1 of the Lair of Beasts
 12925 | Lair:1   | Noticed a spiny frog
 12926 | Lair:1   | Noticed Erica
 12940 | Lair:1   | Killed a spiny frog
 12941 | Lair:1   | Killed from afar by Erica

Skill      XL: |  1  2  3  4  5  6  7  8  9 10 |
---------------+-------------------------------+-----
Stealth        | 3 4 6 7 |  7.3
Dodging        | 3 4 5 6 |  6.8
Ice Magic      | 4 5 6 7 8 |  8.0
Conjurations   | 2 3 4 5 6 7 |  7.0
Charms         | 1 |  1.9
Spellcasting   | 4 5 6 7 |  7.5
Summonings     | 1 3 4 |  4.8
Fighting       | 1 2 3 |  3.7
Staves         | 1 2 |  2.1

Action                   |  1- 3 |  4- 6 |  7- 9 | 10-12 || total
-------------------------+-------+-------+-------+-------++-------
Melee: Unarmed           |     1 |       |       |       ||     1
       Dagger            |     4 |     5 |    14 |       ||    23
       Rapier            |       |     6 |    71 |       ||    77
       Staff             |       |       |    43 |    10 ||    53
Throw: Stone             |       |     1 |     1 |       ||     2
       Tomahawk          |       |       |     2 |       ||     2
 Cast: Freeze            |    45 |    39 |    71 |     5 ||   160
       Throw Frost       |     7 |    15 |     3 |       ||    25
       Ozocubu's Armour  |       |    11 |    52 |     5 ||    68
       Throw Icicle      |       |     5 |   105 |    15 ||   125
       Summon Ice Beast  |       |       |     5 |     2 ||     7
       Flame Tongue      |       |       |    38 |     5 ||    43
       Conjure Flame     |       |       |       |     1 ||     1
  Use: Scroll            |       |       |    19 |     1 ||    20
       Potion            |       |       |       |     1 ||     1
 Stab: Sleeping          |     2 |     3 |     8 |       ||    13
  Eat: Chunk             |     2 |     5 |    28 |     1 ||    36
       Ration            |       |     1 |     4 |     1 ||     6
Armor: Robe              |     3 |     5 |    91 |    23 ||   122
Dodge: Dodged            |    19 |    22 |   217 |    66 ||   324
